 Dungeon Crawl Stone Soup version 0.20-a0-274-g7b51309 (webtiles) character file.

54 AlphabetPasta the Grave Robber (level 3, -6/15 HPs)
             Began as a Felid Necromancer on Dec 11, 2016.
             Mangled by a worm (11 damage)
             ... on level 2 of the Dungeon.
             The game lasted 00:06:32 (2170 turns).

AlphabetPasta the Grave Robber (Felid Necromancer)  Turns: 2170, Time: 00:06:33

Health: -6/15      AC:  1    Str:  4    XL:     3   Next: 66%
Magic:  0/7        EV: 18    Int: 17    God:
Gold:   23         SH:  0    Dex: 16    Spells: 5/6 levels left
                                        Lives:  0   Deaths: 0

rFire  . . .     SeeInvis +     (weapon unavailable)
rCold  . . .     Gourm    .     (armour unavailable)
rNeg   . . .     Faith    .     (shield unavailable)
rPois  .         Spirit   .     (helmet unavailable)
rElec  .         Reflect  .     (cloak unavailable)
rCorr  .         Harm     .     (gloves unavailable)
MR     .....                    (boots unavailable)
Stlth  +++.......               (no amulet)
                                (no ring)
                                (no ring)

@: quick
A: no armour, no weapons or thrown items, stealth, claws 1, fangs 3, see
invisible, carnivore 3, speed 1, shaggy fur 1, slow metabolism 1, sharp paws
a: no special abilities


You were on level 2 of the Dungeon.
You were very full.

You visited 1 branch of the dungeon, and saw 2 of its levels.

You collected 23 gold pieces.

Inventory:

Scrolls
 g - 2 scrolls of recharging
 j - a scroll of teleportation {unknown}
 k - a scroll of remove curse {unknown}
 l - a scroll of fog {unknown}
Potions
 c - a potion of flight {unknown}
 d - 2 potions of curing
 e - a potion of magic {unknown}
 i - a potion of heal wounds {unknown}
Books
 a - a book of Necromancy

   Spells                             Type                      Level
   a - Pain                           Necromancy                   1
   b - Animate Skeleton               Necromancy                   1
   c - Vampiric Draining              Necromancy                   3
   d - Regeneration                   Charms/Necromancy            3
   e - Animate Dead                   Necromancy                   4
   f - Control Undead                 Necromancy                   4
Comestibles
 b - a meat ration


   Skills:
 + Level 0.8 Fighting
 + Level 3.1 Dodging
 + Level 3.4 Stealth
 + Level 0.4 Unarmed Combat
 + Level 2.3 Spellcasting
 * Level 4.5 Necromancy


You had 5 spell levels left.
You knew the following spells:

 Your Spells              Type           Power        Failure   Level  Hunger
a - Pain                  Necr           ###.         2%          1    #......


Dungeon Overview and Level Annotations

Branches:
Dungeon (2/15)

Altars:


Innate Abilities, Weirdness & Mutations

You cannot wear armour.
You are incapable of wielding weapons or throwing items.
Your paws allow you to move quietly. (Stealth)
You have sharp claws.
You have razor-sharp teeth.
You have supernaturally acute eyesight. (SInv)
You are carnivorous and can eat meat at any time.
You cover ground quickly.
You are covered in fur. (AC +1)
You have a slow metabolism.
Your sharp claws are effective at attacking unaware monsters.


Message History

Press: ? - help, Shift-Dir - straight line, f/p - worm
Aim: a worm (chance to defeat MR: 82%)
The worm writhes in agony!
Casting: Pain
Confirm with . or Enter, or press ? or * to list all spells.
Aiming: Pain
Press: ? - help, Shift-Dir - straight line, f/p - worm
Aim: a worm (moderately wounded, chance to defeat MR: 82%)
The worm writhes in agony!
Casting: Pain
Confirm with . or Enter, or press ? or * to list all spells.
Aiming: Pain
Press: ? - help, Shift-Dir - straight line, f/p - worm
Aim: a worm (moderately wounded, chance to defeat MR: 82%)
The worm writhes in agony!
You barely miss the worm.
The worm is severely wounded.
The worm bites you!
Ouch! That really hurt!
You die...

........# .... .........# ..K..
#.........##...K.
#........(#<...>.
#................ #.........†##.#
........(.###.# .........w###.#
###.#........@.#.#
....##.....###...### #..######..#
###..>## #......#..## #)#..# .#
.###.# #....# #.##.#### ..##
.....######..######.##....# ....
##.w....†.......##.#####.####.#.
##..#..#########........#.....)..
#..##....# ####.###...####...


You could see a worm.

Vanquished Creatures
  2 adders (D:2)
  A worm (D:2)
  2 leopard geckos
  3 bats
  2 giant cockroaches (D:2)
  4 goblins
  4 hobgoblins
  5 kobolds
  A ball python (D:2)
  3 frilled lizards (D:1)
  4 rats (D:1)
31 creatures vanquished.

Notes
Turn   | Place    | Note
-------+----------+-------------------------------------------
     0 | D:1      | AlphabetPasta the Felid Necromancer began the quest for the Orb.
     0 | D:1      | Reached XP level 1. HP: 7/7 MP: 4/4
   322 | D:1      | Reached XP level 2. HP: 6/11 MP: 3/6
  1466 | D:2      | Reached XP level 3. HP: 14/14 MP: 5/7
  2170 | D:2      | Mangled by a worm

Vault maps used:
D:1:      dpeg_arrival_refuge, bh_walls_and_bars
D:2:      gammafunk_temple_overflow_statue, grunt_ministairs_9

Skill      XL: |  1  2 |
---------------+-------+-----
Stealth        | 3 |  3.4
Dodging        | 3 |  3.1
Fighting       | |  0.8
Unarmed Combat | |  0.4
Spellcasting   | |  2.3
Necromancy     | |  4.5

Action                   || total
-------------------------++-------
Melee: Unarmed           ||    74
       Bite              ||     3
 Cast: Pain              ||    44
  Use: Scroll            ||     4
 Stab: Sleeping          ||     7
  Eat: Chunk             ||     9
Armor: Skin              ||     4
Dodge: Dodged            ||    84
